 Dungeon Crawl Stone Soup version 0.30.0-10-gfe55d96785 (webtiles) character file.

Game seed: 14924732757098882059

89 edwardauron the Magician (level 4, -2/24 HPs)
             Began as a Deep Elf Earth Elementalist on May 13, 2023.
             Slain by a gnoll
             ... wielding a +0 halberd
              (10 damage)
             ... on level 3 of the Dungeon.
             The game lasted 00:02:14 (1641 turns).

edwardauron the Magician (DEEE)                     Turns: 1641, Time: 00:02:15

Health: -2/24      AC:  2    Str:  5    XL:     4   Next: 31%
Magic:  10/13      EV:  6    Int: 22    God:
Gold:   59         SH:  0    Dex: 15    Spells: 12/13 levels left

rFire   . . .        g - +1 dagger (venom)
rCold   . . .        (no shield)
rNeg    . . .        a - +0 robe
rPois   .            (no helmet)
rElec   .            (no cloak)
rCorr   .            (no gloves)
SInv    .            (no boots)
Will    .....        (no amulet)
Stlth   ++           (no ring)
HPRegen 0.24/turn    (no ring)
MPRegen 0.13/turn

%: no passive effects
@: held
A: no striking features
a: no special abilities


You were on level 3 of the Dungeon.
You visited 1 branch of the dungeon, and saw 3 of its levels.

You collected 59 gold pieces.

Inventory:

Hand Weapons
 g - a +1 dagger of venom (weapon)
Armour
 a - a +0 robe (worn)
Scrolls
 c - a scroll of identify {unknown}
 d - a scroll of fog {unknown}
 e - a scroll of magic mapping {unknown}
 h - a scroll of poison {unknown}
 j - a scroll of immolation {unknown}
 l - a scroll of blinking {unknown}
Potions
 b - a potion of magic
 f - a potion of invisibility {unknown}
 i - a potion of might {unknown}
 k - a potion of curing {unknown}


   Skills:
 - Level 2.4 Dodging
 - Level 2.4 Stealth
 - Level 5.0 Spellcasting
 - Level 1.1 Transmutations
 + Level 4.6 Earth Magic


You had 12 spell levels left.
You knew the following spells:

 Your Spells              Type           Power      Damage    Failure   Level
a - Sandblast             Erth           50%        2d12      1%          1

Your spell library contained the following spells:

 Spells                   Type           Power      Damage    Failure   Level
 Passwall                 Tmut/Erth      15%        N/A       4%          2
 Stone Arrow              Conj/Erth      30%        3d8       12%         3
 Ensorcelled Hibernation  Hex/Ice        10%        N/A       16%         2
 Swiftness                Air            5%         N/A       30%         3
 Petrify                  Tmut/Erth      18%        N/A       30%         4


Dungeon Overview and Level Annotations

Branches:
Dungeon (3/15)

Altars:


Message History

There is a stone staircase leading down here.
You climb downwards.
There is a stone staircase leading up here.
An adder is nearby!
An adder is nearby!
The blast of sand hits the adder!
You kill the adder!
Magic restored.
You see here an adder corpse. 2 gnolls come into view.
Found a dagger.
The gnoll shouts! x2
The blast of sand hits the gnoll!
The gnoll is almost dead.
The gnoll throws a throwing net.
The throwing net hits you.
You become entangled in the net!
You are held in a net!
You struggle against the net.
The gnoll hits you from afar with a +0 spear!
You struggle against the net.
The gnoll hits you from afar with a +0 spear.
You struggle against the net.
Aiming: Sandblast (safe; 1% risk of failure)
Press: ? - help, Q - select action Shift-Dir - straight line, f/p - gnoll
Aim: a gnoll, wielding a +0 spear (almost dead, 85% to hit)
The blast of sand misses the gnoll.
The blast of sand hits the gnoll!
You kill the gnoll!
Aiming: Sandblast (safe; 1% risk of failure)
Press: ? - help, Q - select action Shift-Dir - straight line, f - gnoll
Aim: a gnoll, wielding a +0 halberd (85% to hit)
The blast of sand misses the gnoll.
The gnoll closely misses you.
The gnoll hits you from afar with a +0 halberd.
Aiming: Sandblast (safe; 1% risk of failure)
Press: ? - help, Q - select action Shift-Dir - straight line, f/p - gnoll
Aim: a gnoll, wielding a +0 halberd (85% to hit)
The blast of sand hits the gnoll!
The gnoll is heavily wounded.
The gnoll hits you from afar with a +0 halberd!
You die...

######
#.g.@#
.)..)##.#
### #.#
#.# #.#
#†# #<#
###


You could see a gnoll.

Vanquished Creatures
  A gnoll (D:3)
  2 adders
  2 dart slugs (D:1)
  3 ball pythons
  5 endoplasms
  5 giant cockroaches
  7 goblins
  7 hobgoblins
  4 jackals (D:1)
  3 kobolds
  A quokka (D:1)
  2 bats (D:2)
  3 frilled lizards
  5 rats (D:2)
50 creatures vanquished.

Notes
Turn   | Place    | Note
-------+----------+-------------------------------------------
     0 | D:1      | edwardauron the Deep Elf Earth Elementalist began the quest
                  | for the Orb.
     0 | D:1      | Reached XP level 1. HP: 10/10 MP: 6/6
   202 | D:1      | Reached skill level 4 in Spellcasting
   202 | D:1      | Reached XP level 2. HP: 15/15 MP: 5/9
   429 | D:1      | Found a faded altar of an unknown god.
   784 | D:1      | Reached XP level 3. HP: 19/19 MP: 9/11
   824 | D:1      | Reached skill level 5 in Spellcasting
  1485 | D:2      | Reached XP level 4. HP: 24/24 MP: 8/13
  1641 | D:3      | Slain by a gnoll

Illustrated notes

Levels and vault maps discovered:
D:1:      moated_graveyard_arrival, layout_loops_ring,
          chequers_ecumenical_altar_grove,
          nicolae_concentric_dashed_squares_wild
D:2:      layout_rooms
D:3:      layout_basic, uniq_jessica, uniq_grinder, uniq_terence

Skill      XL: |  1  2  3 |
---------------+----------+-----
Spellcasting   | 4 5 |  5.0
Earth Magic    | 4 |  4.6
Dodging        | |  2.4
Stealth        | |  2.4
Transmutations | |  1.1

Action                     |  1- 3 |  4- 6 || total
---------------------------+-------+-------++-------
  Melee: Dagger            |     1 |       ||     1
         Unarmed           |     1 |       ||     1
   Cast: Sandblast         |    72 |     8 ||    80
 Armour: Robe              |     9 |       ||     9
  Dodge: Dodged            |    35 |     1 ||    36
